AoeStats
← jOSOPEID

MegaRandom

509684658Analyzed
3v3 RM · 6d ago on Sep 27, 2026· 75m 12s· 6 players
Game mode
Random Map
Map size
Normal (6 player)
Population
200
Speed
Normal
Resources
Standard
Victory
Conquest
Starting age
Dark Age
Ending age
Imperial Age
RankedLock teamsTeams togetherTeam positionsShared explorationLock speedFull tech treeHidden civsTurbo modeCheats
Victory
Defeat
🇻🇳 Khitans · Vietnam
770
+14
🇻🇳 Wu · Vietnam
715
+16
🇻🇳 Britons · Vietnam
654
+19
🇩🇪 Slavs · Germany
733
-17
🇩🇪 Portuguese · Germany
732
-17
🇧🇷 Franks · Brazil
696
-15
applerutz20052001
0:41 Loom
13:23 Feudal Age
18:01 Castle Age
16:16 Double-Bit Axe
17:14 Scale Barding Armor
23:15 Forging
25:04 Bow Saw
24:36 Domestication
25:44 Light Cavalry
28:20 Pastoralism
28:35 Padded Archer Armor
28:26 Fletching
32:47 Stone Mining
33:17 Gambesons
34:09 Squires
33:54 Gambesons
34:27 Scale Mail Armor
35:47 Chain Mail Armor
38:50 Chain Barding Armor
42:51 Gold Mining
46:38 Imperial Age
45:50 Wheelbarrow
45:00 Town Watch
45:29 Husbandry
46:08 Iron Casting
46:29 Stone Shaft Mining
47:24 Hand Cart
47:10 Town Patrol
46:54 Heavy Camel Rider
48:00 Elite Fire Lancer
49:12 Plate Mail Armor
49:24 Arson
50:19 Plate Barding Armor
50:39 Town Patrol
52:26 Chemistry
51:21 Murder Holes
53:20 Hussar
60:29 Elite Liao Dao
61:14 Lamellar Armor
61:15 Ordo Cavalry
64:08 Heavy Rocket Cart
72:07 Ballistics
71:38 Heated Shot
71:28 Treadmill Crane
Muscle Boy
12:41 Feudal Age
16:39 Double-Bit Axe
17:46 Wheelbarrow
18:57 Horse Collar
20:20 Loom
27:11 Castle Age
29:57 Gold Mining
30:01 Stone Mining
31:54 Squires
31:15 Pikeman
33:09 Hand Cart
35:13 Bow Saw
40:52 Imperial Age
38:37 Masonry
38:45 Fortified Wall
38:45 Heavy Plow
39:33 Padded Archer Armor
39:23 Fletching
39:35 Scale Mail Armor
39:54 Forging
42:45 Two-Man Saw
42:32 Conscription
45:12 Chemistry
43:36 Elite Longbowman
44:53 Yeomen
44:53 Halberdier
45:59 Chain Mail Armor
45:54 Bodkin Arrow
46:10 Bodkin Arrow
46:33 Leather Archer Armor
66:21 Plate Mail Armor
66:22 Ring Archer Armor
65:52 Bracer
73:11 Guilds
K o h i m e
10:50 Feudal Age
14:05 Double-Bit Axe
15:58 Bloodlines
19:20 Horse Collar
20:10 Forging
26:44 Castle Age
25:43 Scale Barding Armor
26:59 Light Cavalry
27:41 Husbandry
30:26 Pikeman
31:07 Squires
36:06 Iron Casting
46:56 Imperial Age
67:36 Hussar
jOSOPEID
11:52 Feudal Age
24:59 Castle Age
26:18 Fishing Lines
28:19 Wheelbarrow
28:41 Gillnets
33:35 Pikeman
43:04 Imperial Age
44:29 Double-Bit Axe
44:16 Halberdier
52:04 Elite Organ Gun
53:07 Conscription
57:27 Gold Mining
[MCC] Bacteria-Am
1:16 Loom
12:53 Feudal Age
17:39 Castle Age
16:14 Double-Bit Axe
22:05 Wheelbarrow
22:48 Husbandry
24:20 Bow Saw
26:03 Hand Cart
28:15 Scale Barding Armor
28:21 Forging
29:38 Chain Barding Armor
33:59 Iron Casting
34:51 Stone Mining
34:51 Gold Mining
39:36 Imperial Age
36:55 Town Watch
37:58 Murder Holes
38:14 Fortified Wall
38:45 Gold Shaft Mining
39:38 Padded Archer Armor
39:28 Fletching
39:39 Scale Mail Armor
41:12 Cavalier
42:55 Chemistry
42:34 Plate Barding Armor
43:00 Blast Furnace
42:16 Leather Archer Armor
41:58 Bodkin Arrow
43:28 Elite Throwing Axeman
52:13 Town Patrol
52:27 Paladin
57:00 Pikeman
57:27 Arson
57:43 Squires
58:02 Chain Mail Armor
57:39 Halberdier
59:14 Plate Mail Armor
62:30 Plate Mail Armor
IRAMODE
11:14 Feudal Age
15:20 Fletching
24:03 Castle Age
25:36 Double-Bit Axe
27:54 Wheelbarrow
27:07 Loom
28:05 Squires
33:20 Scale Barding Armor
36:59 Husbandry
43:37 Wheelbarrow
43:11 Pikeman
45:44 Bow Saw
45:16 Horse Collar
46:08 Scale Mail Armor
49:03 Chain Mail Armor
49:08 Chain Barding Armor
49:07 Crossbowman
67:22 Gold Mining
69:11 Hand Cart
Connection lost

Rejoining the realm…

Still unreachable

The connection could not be restored.

Session expired

The server has moved on; the page needs a fresh start.